 Dungeon Crawl Stone Soup version 0.30.0-29-ga12c61a403 (webtiles) character file.

Game seed: 1233328675136731938

11 hawla the Firebug (level 2, -5/20 HPs)
             Began as a Meteoran Fire Elementalist on June 9, 2023.
             Killed by divine providence
             ... invoked by an orc priest
              (13 damage)
             ... on level 4 of the Dungeon.
             The game lasted 00:01:08 (113 turns).

hawla the Firebug (Meteoran Fire Elementalist)       Turns: 113, Time: 00:01:09

Health: -5/20      AC:  2    Str:  9    XL:     2   Next: 52%
Magic:  2/7        EV: 12    Int: 16    God:
Gold:   22         SH:  0    Dex: 14    Spells: 4/7 levels left

rFire   . . .        (no weapon)
rCold   . . .        (no shield)
rNeg    . . .        a - +0 robe
rPois   .            (no helmet)
rElec   .            (no cloak)
rCorr   .            (no gloves)
SInv    .            (no boots)
Will    .....        (no amulet)
Stlth   +            (no ring)
HPRegen 0.23/turn    (no ring)
MPRegen 0.10/turn

%: no passive effects
@: glowing
A: sense surroundings 1, otherworldly, glowing, explore regen
a: no special abilities


You were on level 4 of the Dungeon.
You visited 1 branch of the dungeon, and saw 4 of its levels.

You collected 22 gold pieces.

Inventory:

Armour
 a - a +0 robe (worn)
Potions
 b - a potion of magic


   Skills:
 + Level 2.4 Dodging
 - Level 1.4 Stealth
 + Level 3.0 Spellcasting
 + Level 1.4 Conjurations
 + Level 4.1 Fire Magic


You had 4 spell levels left.
You knew the following spells:

 Your Spells              Type           Power      Damage    Failure   Level
a - Foxfire               Conj/Fire      44%        2x1d6     6%          1
b - Scorch                Fire           30%        2d6       5%          2

Your spell library contained the following spells:

 Spells                   Type           Power      Damage    Failure   Level
 Inner Flame              Hex/Fire       9%         N/A       24%         3
 Volatile Blastmotes      Fire/Tloc      18%        2d11      24%         3
 Flame Wave               Conj/Fire      11%        2d6       52%         4


Dungeon Overview and Level Annotations

Branches:
Dungeon (4/15) Zot: 2286
 Temple: D:4-7

Altars:


Innate Abilities, Weirdness & Mutations

You passively map a small area around you.
You are easily found by Zot.
You glow in the dark.
You regain HP and MP as you explore.


Message History

Your Spellcasting skill increases to level 3!
You see here a +0 leather armour.
There is an escape hatch in the floor here.
You slide downwards.
The hatch slams shut behind you.
Magic restored.
Found an escape hatch in the floor.
You aren't carrying any scrolls.
There is an escape hatch in the floor here.
You slide downwards.
The hatch slams shut behind you.
The orc shouts! x2; The orc priest shouts!
Casting: Foxfire (safe; 6% risk of failure)
Confirm with . or Enter, or press ? or * to list all spells.
You conjure some foxfire!
The orc shouts!
The orc priest mumbles some strange prayers to Beogh against you.
Pain shoots through your body!
The foxfire hits the orc.
The orc is severely wounded.
Casting: Foxfire (safe; 6% risk of failure)
Confirm with . or Enter, or press ? or * to list all spells.
Flames lash the orc priest.
The orc priest is moderately wounded.
The orc priest's fire resistance burns away.
The foxfire hits the orc.
You kill the orc!
The orc priest hits you with a +0 short sword.
Casting: Scorch (safe; 5% risk of failure)
Confirm with . or Enter, or press ? or * to list all spells.
You conjure some foxfire!
The orc misses you.
The orc priest hits you with a +0 short sword.
Casting: Foxfire (safe; 6% risk of failure)
Confirm with . or Enter, or press ? or * to list all spells.
Flames lash the orc.
The orc is heavily wounded.
The orc's fire resistance burns away.
The foxfire hits the orc.
The orc is almost dead.
The foxfire hits the orc.
You kill the orc!
The orc priest invokes the aid of Beogh against you.
Beogh smites you!
Ouch! That really hurt!
You die...

* .. * #. .. *
##########.
.......... , ,
.........#, , .
......ยงยง.##....
** * , #@)......
, .......oo)#####
, , .............
* .......o...##.#
............. , *
* ..............
..........##... *
, ........... ...
, , * , ,


You could see an orc priest (combustible) and 2 orcs.

Vanquished Creatures
  2 orcs (D:4)
  2 bats (D:1)
  2 endoplasms
  2 hobgoblins
  A quokka (D:2)
9 creatures vanquished.

Vanquished Creatures (others)
  22 foxfires
22 creatures vanquished.

Grand Total: 31 creatures vanquished

Notes
Turn   | Place    | Note
-------+----------+-------------------------------------------
     0 | D:1      | hawla the Meteoran Fire Elementalist began the quest for
                  | the Orb.
     0 | D:1      | Reached XP level 1. HP: 14/14 MP: 5/5
    48 | D:1      | Reached XP level 2. HP: 20/20 MP: 0/6
    65 | D:1      | Learned a level 2 spell: Scorch
    70 | D:2      | Reached skill level 4 in Fire Magic
   113 | D:4      | Killed from afar by an orc priest

Illustrated notes

Levels and vault maps discovered:
D:1:      noname_arrival_rooms_in_the_neighbourhood, layout_basic
D:2:      layout_loops_ring, hellmonk_ecumenical_altar_blasted
D:3:      layout_loops_corners, uniq_ijyb
D:4:      gammafunk_wand_slinger, layout_basic, nicolae_ru_awakened_eye,
          kennysheep_mini, grunt_decor_fettered, minmay_vboxes

Skill      XL: |  1  2 |
---------------+-------+-----
Fire Magic     | 4 |  4.1
Spellcasting   | 3 |  3.0
Dodging        | |  2.4
Stealth        | |  1.4
Conjurations   | |  1.4

Action                     || total
---------------------------++-------
  Melee: Unarmed           ||     2
   Cast: Foxfire           ||    12
         Scorch            ||     2
  Dodge: Dodged            ||     3
